Map: Odisseia LE

Players

StarIMBA

  • Race: Zerg Zerg
  • League: Master
  • Spawn Location: 5:00

BolinhoFofo - Winner!

  • Race: Protoss Protoss
  • League: Diamond
  • Spawn Location: 11:00

Event: BotH

VOD

Have the link to the VOD?

Description

Time

  • Played on: Aug. 19, 2017, 6:33 p.m.
  • Length: 6:28

All games in this series

Show
View Real Time Build Order
Export as new Build Order

StarIMBA Zerg 

Build Orders: Hatch First, Zergling Baneling 

Get SALT Encoding   

  12  0:01  Drone  
  13  0:13  Overlord  
  13  0:17  Drone  
  14  0:31  Drone x2  
  14  0:35  Drone  
  17  0:53  Hatchery  
  17  0:55  Drone  
  17  0:58  Drone  
  17  1:00  Extractor  
  17  1:15  Spawning Pool  
  17  1:17  Drone  
  17  1:21  Drone  
  18  1:29  Drone  
  19  1:39  Overlord  
  19  1:50  Drone  
  20  2:01  Metabolic Boost  
  20  2:03  Queen, Zergling x2  
  20  2:05  Zergling x2  
  24  2:11  Queen  
  24  2:15  Drone  
  27  2:18  Drone  
  28  2:23  Drone  
  29  2:34  Drone x2  
  31  2:38  Zergling x2  
  31  2:40  Baneling Nest  
  31  2:45  Zergling x2  
  31  2:50  Overlord  
  32  2:55  Zergling x2  
  33  2:58  Zergling x2  
  34  3:08  Zergling x2  
  33  3:22  Zergling x8  
  33  3:23  Zergling x6  
  40  3:30  Zergling x4  
  42  3:46  Zergling x4  
  43  3:49  Overlord x2  
  43  3:54  Baneling  
  43  3:55  Baneling x7  
  43  3:56  Baneling  
  43  3:57  Baneling  
  43  4:07  Zergling x4  
  43  4:08  Zergling x12  
  43  4:34  Zergling x14  
  45  4:52  Drone x2  
  45  4:53  Drone x2  
  45  4:54  Evolution Chamber  
  45  4:57  Drone x2  
  48  5:03  Overlord  
  48  5:06  Hatchery  
  47  5:10  Lair  
  47  5:11  Drone  
  48  5:23  Drone x4  
  48  5:25  Extractor, Drone  
  48  5:27  Drone  
  53  5:36  Drone x2  
  55  5:44  Overlord  
  55  5:47  Drone x3  
  55  5:48  Extractor  
  57  6:00  Zergling x2  
  57  6:01  Baneling x3  
  57  6:02  Baneling x2  
  58  6:06  Zergling x8  
  58  6:07  Zergling x2  
Show
View Real Time Build Order
Export as new Build Order

BolinhoFofo Protoss - Winner!

Build Orders: 1 Gate Expand, Colossus Rush 

Get SALT Encoding   

  12  0:00  Probe (Chrono Boost)  
  13  0:11  Probe (Chrono Boost)  
  14  0:17  Pylon  
  14  0:22  Probe (Chrono Boost)  
  15  0:35  Probe (Chrono Boost)  
  16  0:37  Gateway  
  16  0:45  Probe (Chrono Boost)  
  16  0:47  Assimilator  
  17  0:56  Probe (Chrono Boost)  
  18  1:07  Probe (Chrono Boost)  
  19  1:20  Nexus  
  19  1:25  Probe (Chrono Boost)  
  20  1:34  Cybernetics Core  
  20  1:39  Probe (Chrono Boost)  
  21  1:43  Assimilator  
  21  1:49  Probe (Chrono Boost)  
  21  1:52  Pylon  
  22  2:00  Probe (Chrono Boost)  
  23  2:11  Mothership Core (Chrono Boost), Adept (Chrono Boost)  
  27  2:23  Warp Gate (Chrono Boost)  
  27  2:31  Probe (Chrono Boost)  
  27  2:33  Probe (Chrono Boost)  
  29  2:39  Adept  
  29  2:41  Probe (Chrono Boost)  
  29  2:43  Probe (Chrono Boost)  
  33  2:46  Twilight Council  
  33  2:52  Probe (Chrono Boost)  
  33  2:54  Probe (Chrono Boost)  
  35  3:02  Probe (Chrono Boost)  
  35  3:04  Pylon, Probe (Chrono Boost)  
  37  3:06  Adept  
  39  3:13  Probe (Chrono Boost)  
  39  3:17  Probe (Chrono Boost)  
  41  3:23  Probe (Chrono Boost)  
  41  3:25  Gateway  
  42  3:30  Gateway  
  42  3:34  Gateway  
  42  3:39  Pylon  
  42  3:44  Gateway  
  42  3:45  Adept (Chrono Boost)  
  42  3:49  Pylon  
  42  3:55  Pylon  
  42  4:06  Adept  
  42  4:12  Gateway  
  42  4:14  Probe x2  
  46  4:26  Probe  
  46  4:29  Probe  
  48  4:36  Adept  
  48  4:37  Pylon  
  52  4:42  Probe x2  
  52  4:45  Adept x2  
  54  4:46  Adept  
  56  4:54  Probe x2  
  56  4:55  Assimilator  
  56  4:56  Sentry  
  56  4:57  Assimilator  
  56  4:58  Sentry  
  62  5:01  Pylon  
  62  5:02  Pylon  
  62  5:06  Probe  
  62  5:07  Probe  
  64  5:12  Sentry x3, Colossus  
  70  5:19  Probe, Pylon  
  71  5:23  Pylon  
  71  5:25  Pylon  
  71  5:30  Adept  
  71  5:31  Adept x2  
  77  5:42  Pylon  
  77  5:47  Nexus  
  77  5:53  Adept  
  77  5:54  Adept  
  81  5:57  Adept  
  81  6:00  Sentry x2  
  79  6:23  Adept x5  
  79  6:24  Adept  
Tags
 
Add a new tag
Caveats
  • Supply blocks, unpowered buildings, or Contaminate may cause inaccurate times.
  • Supply counts are checked every 10 seconds.